 Dungeon Crawl Stone Soup version 0.25-b1-46-gb8a1ec05df (webtiles) character file.

Game seed: 12891799736815965905

8883 grindst0ne the Thaumaturge (level 11, -3/85 HPs)
             Began as a Gnoll Skald on June 11, 2020.
             Was a High Priest of Okawaru.
             Slain by a spiny frog (7 damage)
             ... on level 1 of the Lair of Beasts.
             The game lasted 00:24:56 (14430 turns).

grindst0ne the Thaumaturge (Gnoll Skald)           Turns: 14430, Time: 00:24:56

Health: -3/85      AC: 10    Str: 14    XL:     11   Next: 37%
Magic:  21/23      EV: 16    Int: 27    God:    Okawaru [*****.]
Gold:   288        SH:  0    Dex: 15    Spells: 21/26 levels left

rFire    + . .     SeeInvis .   M - +0 war axe
rCold    . . .     Gourm    .   (no shield)
rNeg     . . .     Faith    .   e - +3 leather armour of the Stallion {MR+}
rPois    .         Spirit   .   I - +0 helmet {Int+3}
rElec    .         Reflect  .   A - scarf {repulsion}
rCorr    .         Harm     .   H - +0 pair of gloves
MR       +....                  f - +0 pair of boots
Stlth    +.........             (no amulet)
HPRegen  0.24/turn              q - +6 ring of intelligence
MPRegen  0.18/turn              k - ring of protection from fire

@: confused, lethally poisoned (-3 -> -14), infused, singing, very slightly
contaminated, repel missiles
A: distributed training, fangs 1, strong nose
a: Heroism, Finesse, Renounce Religion


You were on level 1 of the Lair of Beasts.
You worshipped Okawaru.
Okawaru was extremely pleased with you.
You were hungry.

You visited 2 branches of the dungeon, and saw 12 of its levels.

You collected 504 gold pieces.
You spent 216 gold pieces at shops.

Inventory:

Hand Weapons
 t - a +1 whip of flaming
 M - a +0 war axe (weapon)
Missiles
 v - 43 poisoned darts (quivered)
 y - 5 atropa-tipped darts
Armour
 e - the +3 leather armour of the Stallion (worn) {MR+}
   (You found it on level 7 of the Dungeon)

   It affects your resistance to hostile enchantments.
 f - a +0 pair of boots (worn)
 n - a +0 helmet
 A - a scarf of repulsion (worn)
 H - a +0 pair of gloves (worn)
 I - a +0 helmet of intelligence (worn)
Jewellery
 c - an uncursed ring of protection from cold
 j - an uncursed ring of resist corrosion
 k - a ring of protection from fire (right hand)
 q - a +6 ring of intelligence (left hand)
 z - an uncursed ring of protection from magic
 E - an uncursed ring of fire
Wands
 a - a wand of clouds (6)
 u - a wand of iceblast (9)
Scrolls
 i - 6 scrolls of immolation
 l - 5 scrolls of magic mapping
 p - a scroll of blinking
 r - 4 scrolls of remove curse
 w - 2 scrolls of enchant armour
 B - 3 scrolls of torment
 C - a scroll of teleportation
 D - a scroll of enchant weapon
 F - 2 scrolls of fog
 J - a scroll of vulnerability
 L - a scroll of amnesia
Potions
 b - a potion of lignification
 g - a potion of resistance
 h - a potion of stabbing
 m - 2 potions of flight
 s - a potion of brilliance
 x - 3 potions of cancellation
 G - 2 potions of haste {unknown}
 K - a potion of degeneration {unknown}
Comestibles
 d - 13 rations


   Skills:
 + Level 7.7 Fighting
 + Level 6.1 Short Blades
 + Level 6.1 Long Blades
 + Level 7.7 Axes
 + Level 6.1 Maces & Flails
 + Level 6.1 Polearms
 + Level 6.1 Staves
 + Level 6.1 Slings
 + Level 6.1 Bows
 + Level 6.1 Crossbows
 + Level 6.1 Throwing
 + Level 6.7 Armour
 + Level 7.7 Dodging
 + Level 6.1 Stealth
 + Level 6.1 Shields
 + Level 6.1 Unarmed Combat
 + Level 8.0 Spellcasting
 + Level 5.1 Conjurations
 + Level 5.1 Hexes
 + Level 7.5 Charms
 + Level 5.1 Summonings
 + Level 5.1 Necromancy
 + Level 5.1 Translocations
 + Level 5.1 Transmutations
 + Level 5.1 Fire Magic
 + Level 5.1 Ice Magic
 + Level 5.1 Air Magic
 + Level 5.1 Earth Magic
 + Level 5.1 Poison Magic
 + Level 6.7 Invocations
 + Level 6.1 Evocations


You had 21 spell levels left.
You knew the following spells:

 Your Spells              Type           Power        Failure   Level  Hunger
a - Infusion              Chrm           ####         1%          1    None
b - Song of Slaying       Chrm           ######..     1%          2    None
c - Shroud of Golubria    Chrm/Tloc      #####.       1%          2    None

Your spell library contained the following spells:

 Spells                   Type           Power        Failure   Level  Hunger
 Summon Butterflies       Summ           #####...     1%          1    None
 Ozocubu's Armour         Chrm/Ice       #####...     1%          3    None
 Spectral Weapon          Hex/Chrm       #####...     1%          3    None
 Call Canine Familiar     Summ           #####...     2%          3    None
 Summon Ice Beast         Ice/Summ       #####...     8%          4    ##.....
 Summon Mana Viper        Hex/Summ       #####...     22%         5    ####...
 Summon Hydra             Summ           #####.....   100%        7    #######


Dungeon Overview and Level Annotations

Branches:
Dungeon (11/15)            Temple (0/1) D:4            Lair (1/6) D:8
    Orc: D:9-12

Altars:
Dithmenos
Elyvilon
Makhleb
Okawaru
Qazlal
Ru
Trog
Uskayaw
Wu Jian
Xom

Shops:
D:6 ?   D:7 *

Annotations:
D:10 exclusion: upstairs


Innate Abilities, Weirdness & Mutations

Your experience applies equally to all skills.
You have very sharp teeth.
Your uncanny sense of smell can sniff out nearby items.


Message History

The spiny frog is moderately wounded.
The spiny frog stings you!
* * * LOW HITPOINT WARNING * * *
The spiny frog stings you.
* * * LOW HITPOINT WARNING * * *
You are lethally poisoned!
The spiny frog poisons you!
You are confused.
You feel invigorated.
* * * LOW HITPOINT WARNING * * *
You feel sick. The spiny frog completely misses you.
You feel sick.
The spiny frog stings you but does no damage.
You miss the spiny frog.
You bite the spiny frog, but do no damage.
The spiny frog is moderately wounded.
You feel sick. The spiny frog stings you!
* * * LOW HITPOINT WARNING * * *
The spiny frog stings you!
You die... #...P#....#.#..) #........<...... #....#####.###.. ##...# #####.# ##.### #..... #..# ..SP#PS

##.## #.####.
####†.# .. ##
#..@..##... .
#...F....# P
#..........#.# .
#..............
#
#######.........
F ##........ .
........ . ∆
....... .
#......


You could see a spiny frog.

Vanquished Creatures
  2 two-headed ogres
  Pikel (D:4)
  3 trolls
  Prince Ribbit (D:5)
  3 hippogriffs
  Sigmund (D:3)
  5 yaks (D:9)
  2 porcupines
  2 water moccasins (Lair:1)
  4 ice beasts
  2 sky beasts
  3 orc warriors
  6 ogres
  A necrophage (D:10)
  4 centaurs
  2 crocodiles (Lair:1)
  10 bullfrogs
  4 scorpions
  4 killer bees (D:8)
  5 wights (D:6)
  5 crimson imps
  A bullfrog zombie (D:8)
  A jelly (D:9)
  2 quasits
  6 hounds
  3 orc priests
  3 bullfrog skeletons
  2 centaur skeletons
  5 orc wizards
  3 iguanas
  6 worker ants
  A hound skeleton (D:10)
  A hound zombie (D:10)
  Robin (D:2)
  A worker ant zombie (D:5)
  6 gnolls
  11 adders
  2 shadow imps
  3 oozes
  3 worms
  A dart slug (D:1)
  6 leopard geckos
  31 orcs
  2 giant cockroaches (D:3)
  20 goblins
  12 hobgoblins
  2 jackals (D:1)
  A quokka (D:3)
  A ball python (D:3)
  8 bats
  4 frilled lizards
  4 kobolds (D:3)
  A leopard gecko skeleton (D:8)
  7 rats
231 creatures vanquished.

Vanquished Creatures (others)
  A hobgoblin (D:3)
  A fungus (D:8)
2 creatures vanquished.

Grand Total: 233 creatures vanquished

Notes
Turn   | Place    | Note
-------+----------+-------------------------------------------
     0 | D:1      | grindst0ne the Gnoll Skald began the quest for the Orb.
     0 | D:1      | Reached XP level 1. HP: 20/20 MP: 6/6
    95 | D:1      | Reached XP level 2. HP: 19/26 MP: 3/7
   271 | D:1      | Learned a level 2 spell: Song of Slaying
   274 | D:1      | Learned a level 2 spell: Shroud of Golubria
   421 | D:1      | Reached XP level 3. HP: 27/31 MP: 0/9
   424 | D:1      | Reached skill level 5 in Spellcasting
   721 | D:1      | Reached skill level 1 in Invocations
  1161 | D:2      | Reached skill level 1 in Short Blades
  1161 | D:2      | Reached skill level 1 in Long Blades
  1161 | D:2      | Reached skill level 1 in Maces & Flails
  1161 | D:2      | Reached skill level 1 in Polearms
  1161 | D:2      | Reached skill level 1 in Staves
  1161 | D:2      | Reached skill level 1 in Slings
  1161 | D:2      | Reached skill level 1 in Bows
  1161 | D:2      | Reached skill level 1 in Crossbows
  1161 | D:2      | Reached skill level 1 in Throwing
  1161 | D:2      | Reached skill level 1 in Stealth
  1161 | D:2      | Reached skill level 1 in Shields
  1161 | D:2      | Reached skill level 1 in Unarmed Combat
  1161 | D:2      | Reached skill level 1 in Evocations
  1161 | D:2      | Reached XP level 4. HP: 38/38 MP: 1/11
  1733 | D:2      | Reached skill level 1 in Conjurations
  1733 | D:2      | Reached skill level 1 in Hexes
  1733 | D:2      | Reached skill level 1 in Summonings
  1733 | D:2      | Reached skill level 1 in Necromancy
  1733 | D:2      | Reached skill level 1 in Translocations
  1733 | D:2      | Reached skill level 1 in Transmutations
  1733 | D:2      | Reached skill level 1 in Fire Magic
  1733 | D:2      | Reached skill level 1 in Ice Magic
  1733 | D:2      | Reached skill level 1 in Air Magic
  1733 | D:2      | Reached skill level 1 in Earth Magic
  1733 | D:2      | Reached skill level 1 in Poison Magic
  1743 | D:2      | Noticed Robin
  1756 | D:2      | Killed Robin
  1756 | D:2      | Reached XP level 5. HP: 37/43 MP: 0/12
  2452 | D:3      | Reached XP level 6. HP: 13/50 MP: 2/13
  2894 | D:3      | Found an iron altar of Okawaru.
  2912 | D:3      | Became a worshipper of Warmaster Okawaru
  2950 | D:3      | Noticed Sigmund
  2965 | D:3      | Killed Sigmund
  2965 | D:3      | Reached skill level 5 in Fighting
  2965 | D:3      | Reached skill level 5 in Axes
  2965 | D:3      | Reached skill level 5 in Dodging
  3386 | D:3      | Reached * piety under Okawaru
  3554 | D:3      | Found a sacrificial altar of Ru.
  3850 | D:4      | Reached XP level 7. HP: 50/56 MP: 15/15
  3932 | D:4      | Found a shadowy altar of Dithmenos.
  4292 | D:4      | Found a staircase to the Ecumenical Temple.
  4673 | D:4      | Noticed Pikel
  4722 | D:4      | Killed Pikel
  4722 | D:4      | Reached XP level 8. HP: 17/63 MP: 5/16
  5094 | D:5      | Entered Level 5 of the Dungeon
  5101 | D:5      | Reached skill level 6 in Spellcasting
  5165 | D:5      | Found a shimmering altar of Xom.
  5371 | D:5      | Reached ** piety under Okawaru
  5518 | D:5      | Noticed Prince Ribbit
  5543 | D:5      | Killed Prince Ribbit
  6458 | D:6      | Reached XP level 9. HP: 27/69 MP: 18/18
  7065 | D:6      | Found Qiugan's Magic Scroll Shop.
  7083 | D:6      | Bought a scroll of teleportation for 36 gold pieces
  7083 | D:6      | Bought a scroll of blinking for 90 gold pieces
  7083 | D:6      | Bought a scroll of enchant weapon for 90 gold pieces
  7107 | D:6      | Reached *** piety under Okawaru
  7326 | D:6      | Reached skill level 5 in Armour
  8471 | D:7      | Got a scorched leather armour
  8482 | D:7      | Identified the +3 leather armour of the Stallion {MR+} (You
                  | found it on level 7 of the Dungeon)
  8683 | D:7      | Found Lohad's Assorted Antiques.
  8693 | D:7      | Reached skill level 5 in Invocations
  9053 | D:7      | Found an ornate altar of the Wu Jian Council.
  9228 | D:7      | Found a hide-covered altar of Uskayaw.
  9230 | D:7      | Noticed a +0 hand axe
  9230 | D:7      | Noticed a +0 dagger
  9424 | D:7      | Reached XP level 10. HP: 53/77 MP: 20/20
  9738 | D:7      | Reached **** piety under Okawaru
  9738 | D:7      | Reached skill level 7 in Spellcasting
 10017 | D:8      | You fall into a shaft and drop 3 floors!
 10026 | D:10     | Entered Level 10 of the Dungeon
 10113 | D:9      | Received a gift from Okawaru
 10113 | D:9      | Reached skill level 5 in Short Blades
 10113 | D:9      | Reached skill level 5 in Long Blades
 10113 | D:9      | Reached skill level 5 in Maces & Flails
 10113 | D:9      | Reached skill level 5 in Polearms
 10113 | D:9      | Reached skill level 5 in Staves
 10113 | D:9      | Reached skill level 5 in Slings
 10113 | D:9      | Reached skill level 5 in Bows
 10113 | D:9      | Reached skill level 5 in Crossbows
 10113 | D:9      | Reached skill level 5 in Throwing
 10113 | D:9      | Reached skill level 5 in Stealth
 10113 | D:9      | Reached skill level 5 in Shields
 10113 | D:9      | Reached skill level 5 in Unarmed Combat
 10113 | D:9      | Reached skill level 5 in Evocations
 10274 | D:8      | Noticed a two-headed ogre
 10299 | D:8      | Killed a two-headed ogre
 10299 | D:8      | Received a gift from Okawaru
 10712 | D:8      | Found a staircase to the Lair.
 11500 | D:8      | Found a white marble altar of Elyvilon.
 11693 | D:9      | Found a burning altar of Makhleb.
 11703 | D:9      | Noticed a two-headed ogre
 11709 | D:9      | Noticed a two-headed ogre
 11751 | D:9      | Killed a two-headed ogre
 11751 | D:9      | Reached ***** piety under Okawaru
 11751 | D:9      | Reached XP level 11. HP: 21/84 MP: 7/22
 12386 | D:10     | Received a gift from Okawaru
 12402 | D:10     | HP: 2/84 [orc warrior/+3 mace (12)]
 12813 | D:10     | Reached skill level 5 in Conjurations
 12813 | D:10     | Reached skill level 5 in Hexes
 12813 | D:10     | Reached skill level 5 in Summonings
 12813 | D:10     | Reached skill level 5 in Necromancy
 12813 | D:10     | Reached skill level 5 in Translocations
 12813 | D:10     | Reached skill level 5 in Transmutations
 12813 | D:10     | Reached skill level 5 in Fire Magic
 12813 | D:10     | Reached skill level 5 in Ice Magic
 12813 | D:10     | Reached skill level 5 in Air Magic
 12813 | D:10     | Reached skill level 5 in Earth Magic
 12813 | D:10     | Reached skill level 5 in Poison Magic
 12827 | D:10     | Noticed a cyclops
 13134 | Lair:1   | Entered Level 1 of the Lair of Beasts
 13765 | D:9      | Reached skill level 8 in Spellcasting
 13795 | D:9      | Found a bloodstained altar of Trog.
 13797 | D:9      | Found a stormy altar of Qazlal.
 14430 | Lair:1   | HP: 4/85 [spiny frog (13)]
 14430 | Lair:1   | Slain by a spiny frog

Illustrated notes

Levels and vault maps discovered:
D:1:      dpeg_arrival_windows_large_door, layout_rooms, minmay_misc_feat_alley
D:2:      layout_basic, serial_corexii_hall, chequers_hall_statues_wall_a,
          chequers_hall_statues_y, uniq_robin
D:3:      corexii_shack_village, layout_loops_ring, lemuel_round_altar,
          marbit_many_paths, first_ration, uniq_sigmund
D:4:      layout_rooms, grunt_dithmenos_shadows, nicolae_overflow_hidden_temple,
          minmay_temple_entry_mist, ebering_dispersal_statue_hall, minivault_11,
          uniq_pikel
D:5:      layout_layer_cave, basic_altar, uniq_prince_ribbit1
D:6:      layout_basic, serial_shops, nicolae_shop_waterfront,
          nrook_mini_backslash
D:7:      layout_loops_ring, dancing_weapons_uskayaw, kennysheep_little_box,
          serial_shops, nicolae_shop_statue_plus
D:8:      layout_basic, elyvilon_altar_5, grunt_lair_entry_orc_guard_hut
D:9:      layout_small_grid, lemuel_round_altar, grunt_temple_overflow_open
D:10:     layout_basic, uniq_harold
D:11:     layout_cave_pools, hangedman_stone_soup, bloody_makhleb, uniq_urug
Lair:1:   layout_misc_corridors

Skill      XL: |  1  2  3  4  5  6  7  8  9 10 11 |
---------------+----------------------------------+-----
Spellcasting   | 5 6 7 8 |  8.0
Invocations    | 1 2 3 4 5 6 |  6.7
Short Blades   | 1 2 3 4 5 6 |  6.1
Long Blades    | 1 2 3 4 5 6 |  6.1
Maces & Flails | 1 2 3 4 5 6 |  6.1
Polearms       | 1 2 3 4 5 6 |  6.1
Staves         | 1 2 3 4 5 6 |  6.1
Slings         | 1 2 3 4 5 6 |  6.1
Bows           | 1 2 3 4 5 6 |  6.1
Crossbows      | 1 2 3 4 5 6 |  6.1
Throwing       | 1 2 3 4 5 6 |  6.1
Stealth        | 1 2 3 4 5 6 |  6.1
Shields        | 1 2 3 4 5 6 |  6.1
Unarmed Combat | 1 2 3 4 5 6 |  6.1
Evocations     | 1 2 3 4 5 6 |  6.1
Conjurations   | 1 2 3 4 5 |  5.1
Hexes          | 1 2 3 4 5 |  5.1
Summonings     | 1 2 3 4 5 |  5.1
Necromancy     | 1 2 3 4 5 |  5.1
Translocations | 1 2 3 4 5 |  5.1
Transmutations | 1 2 3 4 5 |  5.1
Fire Magic     | 1 2 3 4 5 |  5.1
Ice Magic      | 1 2 3 4 5 |  5.1
Air Magic      | 1 2 3 4 5 |  5.1
Earth Magic    | 1 2 3 4 5 |  5.1
Poison Magic   | 1 2 3 4 5 |  5.1
Armour         | 3 4 5 6 |  6.7
Fighting       | 5 6 7 |  7.7
Axes           | 5 6 7 |  7.7
Dodging        | 5 6 7 |  7.7
Charms         | 6 7 |  7.5

Action                   |  1- 3 |  4- 6 |  7- 9 | 10-12 || total
-------------------------+-------+-------+-------+-------++-------
Melee: Hand axe          |    62 |   166 |    93 |       ||   321
       Bite              |     5 |    16 |    60 |    61 ||   142
       Punch             |       |       |    13 |    11 ||    24
       Whip              |       |       |   373 |   409 ||   782
       War axe           |       |       |       |    26 ||    26
Throw: Dart              |       |       |     6 |    25 ||    31
 Cast: Infusion          |    12 |     8 |    15 |    20 ||    55
       Song of Slaying   |     5 |     8 |    14 |    18 ||    45
       Shroud of Golubri |     2 |     7 |    14 |    17 ||    40
Invok: Heroism           |       |       |     1 |     3 ||     4
Evoke: Wand              |       |       |     2 |     7 ||     9
  Use: Scroll            |       |     7 |     8 |     8 ||    23
       Potion            |       |       |       |     4 ||     4
 Stab: Sleeping          |       |     1 |     3 |     1 ||     5
       Invisible         |       |       |       |     2 ||     2
       Distracted        |       |       |       |     1 ||     1
  Eat: Chunk             |     1 |     9 |    13 |    10 ||    33
       Ration            |       |       |     1 |     2 ||     3
Armor: Ring mail         |    33 |    58 |    95 |       ||   186
       Leather armour    |       |       |    33 |   150 ||   183
Dodge: Dodged            |    52 |   135 |   285 |   398 ||   870
       Repelled          |       |       |       |     5 ||     5
